 Dungeon Crawl Stone Soup version 0.31.0-9-g3a7656b989 (webtiles) character file.

Game seed: 2098885162011841136

562 qw the Shooter (level 6, -5/51 HPs)
             Began as a Demigod Hunter on Feb 2, 2024.
             Slain by Duvessa
             ... wielding a +0 short sword
              (15 damage)
             ... on level 4 of the Dungeon.
             The game lasted 00:00:12 (2687 turns).

qw the Shooter (Demigod Hunter)                     Turns: 2687, Time: 00:00:13

Health: -5/51      AC:  3    Str: 12    XL:     6   Next: 83%
Magic:  17/17      EV: 15    Int: 11    God:
Gold:   243        SH:  0    Dex: 29    Spells: 5/5 levels left

rFire   . . .        a - +1 shortbow (drain)
rCold   . . .        (shield currently unavailable)
rNeg    . . .        c - +0 leather armour
rPois   .            (no helmet)
rElec   .            (no cloak)
rCorr   .            (no gloves)
SInv    +            (no boots)
Will    .....        (no amulet)
Stlth   ++           d - ring "Muhamah" {MP+9 Dex+4 SInv}
HPRegen 0.28/turn    (no ring)
MPRegen 0.15/turn

%: no passive effects
@: about to teleport, hasted, very quick
A: high MP 1, forlorn, divine attributes
a: no special abilities


You were on level 4 of the Dungeon.
You visited 1 branch of the dungeon, and saw 4 of its levels.

You collected 243 gold pieces.


Innate Abilities, Weirdness & Mutations

You have an increased reservoir of magic. (+10% MP)
You shall have no god before yourself.
Your divine heritage dramatically boosts your attributes as you level up.


   Skills:
 - Level 3.0 Fighting
 + Level 6.5 Ranged Weapons
 - Level 3.9 Dodging
 - Level 0.8 Stealth


You had 5 spell levels left.
You didn't know any spells.
Your spell library was empty.

Inventory:

Hand Weapons
 a - a +1 shortbow of draining (weapon)
Armour
 c - a +0 leather armour (worn)
Jewellery
 d - the ring "Muhamah" (left hand) {MP+9 Dex+4 SInv}
   (You acquired it on level 3 of the Dungeon)

   [ring of magical power]

   Dex+4:     It affects your dexterity (+4).
   MP+9:      It affects your magic capacity (+9).
   SInv:      It lets you see invisible.
Wands
 e - a wand of acid (4) (quivered)
Scrolls
 g - 2 scrolls of teleportation
Potions
 b - a potion of heal wounds

Dungeon Overview and Level Annotations

Branches:
Dungeon (4/15)
 Temple: D:4-7

Annotations:
D:3 Natasha
D:4 Duvessa


Message History

2675 ||| DRINKING potion of haste.
You feel yourself speed up.
Duvessa hits you with a +0 short sword! x2
2676 ||| ZAPPING wand of acid (7) at 1,-1 (Duvessa; floor).
Aiming: Corrosive Bolt
Press: ? - help, Q - select action, (/) - cycle Shift-Dir - straight line, f - Duvessa The bolt of acid hits Duvessa!
The acid corrodes Duvessa!
Duvessa is moderately wounded.
Duvessa hits you but does no damage.
2677 ||| ZAPPING wand of acid (6) at 1,-1 (Duvessa; floor).
Aiming: Corrosive Bolt
Press: ? - help, Q - select action, (/) - cycle Shift-Dir - straight line, f/p - Duvessa The bolt of acid hits Duvessa!
Duvessa seems to be corroded for longer.
Duvessa is heavily wounded.
Duvessa barely misses you.
2678 ||| ZAPPING wand of acid (5) at 1,-1 (Duvessa; floor).
Aiming: Corrosive Bolt
Press: ? - help, Q - select action, (/) - cycle Shift-Dir - straight line, f/p - Duvessa The bolt of acid hits Duvessa!
Duvessa seems to be corroded for longer.
Duvessa is severely wounded.
Duvessa barely misses you.
2679 ||| RETREEEEATING.
The goblin barely misses you.
2680 ||| RETREEEEATING.
Duvessa attacks as she pursues you! Duvessa hits you with a +0 short sword!
2681 ||| RETREEEEATING.
2682 ||| RETREEEEATING.
2683 ||| RETREEEEATING.
Duvessa attacks as she pursues you! Duvessa barely misses you.
2684 ||| RETREEEEATING.
2685 ||| RETREEEEATING.
2686 ||| RETREEEEATING.
The crimson imp blinks!
Duvessa attacks as she pursues you! Duvessa hits you with a +0 short sword!
2687 ||| READING 3 scrolls of teleportation.
As you read the scroll of teleportation, it crumbles to dust.
You feel strangely unstable. Duvessa hits you with a +0 short sword!
You die...

#..##....###.......#
#....%............##
#..........####.ยค..##
##..%....## #o....#
#.)......# #.o...## .
))####...# #g.....#..
.## #...# #...#.....
.# #...# #e......5. .#
##..# #@........ .#
#..# #......... .#
#..# ##..#####.. .#
#..## ##..## . ..
##..####..##
..######..##.%..#
#..........###.#
#.######..### ##.#
#### ##


You could see Duvessa (berserk, corroded), an orc wizard (invisible), a crimson
imp, an orc and a goblin.

Vanquished Creatures
  Sigmund (D:4)
  A black bear (D:4)
  Dowan (D:4)
  A hound (D:4)
  Natasha (D:3)
  7 gnolls
  5 adders
  A shadow imp (D:4)
  4 ribbon worms
  2 dart slugs (D:2)
  2 orcs (D:4)
  11 ball pythons
  6 endoplasms
  4 giant cockroaches
  3 goblins
  5 hobgoblins
  5 jackals
  3 quokkas
  4 bats
  3 frilled lizards
  5 kobolds
  A spectral hobgoblin (D:3)
76 creatures vanquished.

Notes
Turn   | Place    | Note
-------+----------+-------------------------------------------
     0 | D:1      | qw the Demigod Hunter began the quest for the Orb.
     0 | D:1      | Reached XP level 1. HP: 17/17 MP: 3/3
     0 | D:1      | 0 ||| qw: Version: 0.3-a-155-g5e7d8dd
     0 | D:1      | 0 ||| qw: Game counter: 188
     0 | D:1      | 0 ||| qw: Melee chars always use a shield: true
     0 | D:1      | 0 ||| qw: God list: Okawaru
     0 | D:1      | 0 ||| qw: Allow faded altars: false
     0 | D:1      | 0 ||| qw: Do Orc after clearing Dungeon:15 true
     0 | D:1      | 0 ||| qw: Do second Lair branch before Depths: true
     0 | D:1      | 0 ||| qw: Lair rune preference: random
     0 | D:1      | 0 ||| qw: Goals: Normal
     0 | D:1      | 0 ||| PLANNING D:1-11
   167 | D:1      | Reached skill level 4 in Ranged Weapons
   195 | D:1      | Reached XP level 2. HP: 24/24 MP: 4/4
   617 | D:1      | 617 ||| READING 2 scrolls labelled HYIDEIV OWIUX.
   617 | D:1      | 617 ||| IDENTIFYING amethyst potion
   618 | D:1      | 618 ||| READING scroll of identify.
   618 | D:1      | 618 ||| IDENTIFYING grey potion
   619 | D:1      | 619 ||| READING scroll labelled LAVVAP BYTI.
   622 | D:1      | 622 ||| READING scroll labelled EFFOACO OBESK.
   622 | D:1      | 622 ||| ENCHANTING +0 shortbow.
   623 | D:1      | 623 ||| DROPPING scroll of butterflies.
   624 | D:1      | 624 ||| DROPPING potion of attraction.
   780 | D:2      | 780 ||| RETREEEEATING.
   781 | D:2      | 781 ||| RETREEEEATING.
   782 | D:2      | 782 ||| RETREEEEATING.
   787 | D:2      | HP: 6/24 [gnoll/+0 spear (6)]
   788 | D:2      | Reached XP level 3. HP: 8/29 MP: 5/5
   981 | D:2      | Reached skill level 5 in Ranged Weapons
   981 | D:2      | Reached XP level 4. HP: 16/36 MP: 6/6
  1214 | D:2      | 1214 ||| FLEEEEING.
  1539 | D:2      | 1539 ||| READING 4 scrolls of identify.
  1539 | D:2      | 1539 ||| IDENTIFYING golden potion
  1540 | D:2      | 1540 ||| READING 3 scrolls of identify.
  1540 | D:2      | 1540 ||| IDENTIFYING 2 fuming black potions
  1541 | D:2      | 1541 ||| READING 2 scrolls of identify.
  1541 | D:2      | 1541 ||| IDENTIFYING scroll labelled GOUFUV HYQULO
  1542 | D:2      | 1542 ||| READING scroll of identify.
  1542 | D:2      | 1542 ||| IDENTIFYING scroll labelled TUECOE MOLAURPH
  1543 | D:2      | 1543 ||| READING 2 scrolls labelled WONKUOB QAOQU.
  1544 | D:2      | 1544 ||| READING scroll labelled YWUDGH LASHRUODD.
  1544 | D:2      | 1544 ||| BRANDING +1 shortbow.
  1545 | D:2      | 1545 ||| DROPPING scroll of poison.
  1546 | D:2      | 1546 ||| DROPPING scroll of immolation.
  1547 | D:2      | 1547 ||| DROPPING potion of magic.
  1548 | D:2      | 1548 ||| DROPPING scroll of fear.
  1990 | D:3      | Noticed Natasha
  1992 | D:3      | Killed Natasha
  2006 | D:3      | Noticed Natasha
  2012 | D:3      | 2012 ||| RETREEEEATING.
  2013 | D:3      | 2013 ||| RETREEEEATING.
  2014 | D:3      | 2014 ||| RETREEEEATING.
  2015 | D:3      | 2015 ||| RETREEEEATING.
  2016 | D:3      | 2016 ||| RETREEEEATING.
  2016 | D:3      | HP: 8/36 [cerulean imp/+2 spear[Natasha] (7)]
  2017 | D:3      | 2017 ||| READING 4 scrolls of teleportation.
  2018 | D:3      | 2018 ||| DRINKING 2 potions of heal wounds.
  2400 | D:3      | 2400 ||| DROPPING +6 ring of intelligence.
  2401 | D:3      | 2401 ||| READING scroll of identify.
  2401 | D:3      | 2401 ||| IDENTIFYING scroll labelled JAPTET CAXI
  2401 | D:3      | Identified a scroll of acquirement
  2402 | D:3      | 2402 ||| READING scroll of acquirement.
  2402 | D:3      | 2402 ||| ACQUIRING ring "Muhamah" {MP+9 Dex+4 SInv}
  2402 | D:3      | Acquired the ring "Muhamah" {MP+9 Dex+4 SInv}
  2404 | D:3      | 2404 ||| UPGRADING to ring "Muhamah" {MP+9 Dex+4 SInv}.
  2482 | D:4      | Reached XP level 5. HP: 41/41 MP: 7/7
  2485 | D:4      | Noticed a black bear
  2486 | D:4      | 2486 ||| DRINKING 2 potions of haste.
  2490 | D:4      | Noticed Sigmund
  2493 | D:4      | 2493 ||| RETREEEEATING.
  2494 | D:4      | Killed a black bear
  2495 | D:4      | Reached skill level 6 in Ranged Weapons
  2504 | D:4      | Killed Sigmund
  2505 | D:4      | Reached skill level 3 in Dodging
  2505 | D:4      | Reached XP level 6. HP: 37/48 MP: 8/8
  2659 | D:4      | Noticed Dowan
  2662 | D:4      | Killed Dowan
  2663 | D:4      | Reached skill level 3 in Fighting
  2666 | D:4      | Noticed Duvessa
  2668 | D:4      | 2668 ||| RETREEEEATING.
  2669 | D:4      | 2669 ||| RETREEEEATING.
  2671 | D:4      | 2671 ||| RETREEEEATING.
  2674 | D:4      | 2674 ||| RETREEEEATING.
  2675 | D:4      | 2675 ||| DRINKING potion of haste.
  2676 | D:4      | 2676 ||| ZAPPING wand of acid (7) at 1,-1 (Duvessa; floor).
  2677 | D:4      | 2677 ||| ZAPPING wand of acid (6) at 1,-1 (Duvessa; floor).
  2678 | D:4      | 2678 ||| ZAPPING wand of acid (5) at 1,-1 (Duvessa; floor).
  2679 | D:4      | 2679 ||| RETREEEEATING.
  2680 | D:4      | 2680 ||| RETREEEEATING.
  2681 | D:4      | 2681 ||| RETREEEEATING.
  2682 | D:4      | 2682 ||| RETREEEEATING.
  2683 | D:4      | 2683 ||| RETREEEEATING.
  2684 | D:4      | 2684 ||| RETREEEEATING.
  2685 | D:4      | 2685 ||| RETREEEEATING.
  2686 | D:4      | 2686 ||| RETREEEEATING.
  2686 | D:4      | HP: 10/51 [Duvessa/+0 short sword (10)]
  2687 | D:4      | 2687 ||| READING 3 scrolls of teleportation.
  2687 | D:4      | Slain by Duvessa

Levels and vault maps discovered:
D:1:      evilmike_arrival_hilbert_curve, layout_loops_cross, minmay_tromino_v2
D:2:      layout_basic, minmay_misc_feat_diagonals, nicolae_grassy_gnolls
D:3:      layout_basic, nicolae_ru_the_path_less_chosen,
          nicolae_hepliaklqana_monster_ancestors, small_statue_intersection,
          minmay_vboxes, uniq_natasha
D:4:      layout_layer_cave, mainiacjoe_overflow_tiny_flanked, led_xom_imps,
          minmay_temple_entry_trees, serial_shops, shop,
          nicolae_shop_i_like_big_books, uniq_duvessa, uniq_sigmund

Skill      XL: |  1  2  3  4  5  6 |
---------------+-------------------+-----
Ranged Weapons | 4 5 6 |  6.5
Fighting       | 2 3 |  3.0
Dodging        | 2 3 |  3.9
Stealth        | |  0.8

Action                     |  1- 3 |  4- 6 || total
---------------------------+-------+-------++-------
   Fire: Shortbow          |    81 |   118 ||   199
  Evoke: Wand              |       |     3 ||     3
    Use: Scroll            |     4 |    10 ||    14
         Potion            |       |     3 ||     3
 Armour: Leather armour    |    33 |    39 ||    72
  Dodge: Dodged            |    27 |    40 ||    67

Table legend:
 A = Non-vault XP
 B = Vault XP
 C = Vault XP percentage of total XP
 D = Non-vault monster count
 E = Vault monster count
 F = Vault count percentage of total count
                 A         B        C        D         E       F
            +---------+---------+-------+---------+---------+-------
      Total |     409 |     394 |  49.1 |      60 |      16 |  21.1
            +---------+---------+-------+---------+---------+-------
        D:1 |      23 |       4 |  14.8 |      14 |       2 |  12.5
        D:2 |      68 |      43 |  38.7 |      15 |       3 |  16.7
        D:3 |      44 |      49 |  52.7 |      15 |       9 |  37.5
        D:4 |     274 |     298 |  52.1 |      16 |       2 |  11.1
            +---------+---------+-------+---------+---------+-------
